Map: Catalesque CE

Players

Isti - Winner!

  • Race: Terran Terran
  • Spawn Location: 11:00

IzomSakál - Winner!

  • Race: Zerg Zerg
  • Spawn Location: 11:00

Nyck

  • Race: Terran Terran
  • Spawn Location: 5:00

Ekelpack

  • Race: Zerg Zerg
  • Spawn Location: 5:00

VOD

Have the link to the VOD?

Description

Time

  • Played on: Aug. 20, 2024, 1:58 p.m.
  • Length: 3:35
Show
View Real Time Build Order
Export as new Build Order

Isti Terran - Winner!

Build Orders:  

Get SALT Encoding   

  12  0:00  SCV  
  13  0:15  Supply Depot  
  13  0:20  SCV  
  14  0:33  SCV  
  15  0:39  Barracks  
  15  0:45  SCV  
  15  0:48  Refinery  
  16  0:56  Refinery  
  16  1:04  SCV  
  18  1:28  Supply Depot  
  18  1:30  Orbital Command  
  17  1:39  Barracks  
  17  1:44  Barracks Reactor  
  17  1:52  Barracks  
  17  2:01  Supply Depot  
  17  2:19  Marine x2  
  19  2:31  SCV  
  19  2:32  Barracks Reactor  
  20  2:37  Marine x2  
  20  2:43  SCV  
  23  2:46  Barracks Reactor  
  23  2:55  SCV  
  24  3:07  SCV  
Show
View Real Time Build Order
Export as new Build Order

IzomSakál Zerg - Winner!

Build Orders: Pool First 

Get SALT Encoding   

  12  0:04  Drone  
  13  0:08  Drone  
  14  0:32  Spawning Pool  
  14  0:45  Hatchery  
  13  0:58  Spawning Pool  
  12  1:10  Overlord  
  12  1:29  Drone  
  12  1:32  Drone  
  14  1:38  Drone  
  15  1:57  Queen  
  15  1:59  Zergling x2  
  18  2:08  Spine Crawler, Zergling x2  
  17  2:09  Spine Crawler  
  17  2:12  Queen  
  19  2:20  Zergling x2  
  20  2:30  Zergling x2  
  20  2:33  Queen  
  23  2:54  Zergling x4  
  26  3:05  Zergling x2  
Show
View Real Time Build Order
Export as new Build Order

Nyck Terran 

Build Orders:  

Get SALT Encoding   

  12  0:00  SCV  
  13  0:12  SCV  
  14  0:20  Supply Depot  
  14  0:24  SCV  
  15  0:34  Refinery  
  15  0:41  SCV  
  16  0:47  Barracks  
  16  0:53  SCV  
  17  1:05  SCV  
  18  1:17  SCV  
  19  1:19  Supply Depot  
  19  1:33  Orbital Command  
  19  1:37  Factory  
  19  1:51  Refinery  
  19  1:54  Barracks Reactor  
  19  1:58  SCV  
  20  2:11  SCV  
  21  2:23  SCV  
  22  2:35  SCV  
  23  2:44  Hellion x2  
  25  2:48  SCV  
  19  3:22  SCV  
Show
View Real Time Build Order
Export as new Build Order

Ekelpack Zerg 

Build Orders: Pool First 

Get SALT Encoding   

  12  0:00  Drone  
  13  0:08  Drone  
  14  0:17  Overlord  
  14  0:22  Extractor  
  14  0:23  Drone  
  14  0:36  Drone x2  
  16  0:48  Spawning Pool  
  15  0:52  Drone  
  15  0:56  Drone  
  17  1:05  Drone  
  18  1:24  Hatchery  
  17  1:34  Queen  
  17  1:37  Drone  
  20  1:40  Drone  
  20  1:46  Drone  
  22  1:52  Overlord  
  22  1:59  Extractor  
  22  2:00  Drone  
  22  2:11  Lair  
  22  2:17  Drone  
  23  2:24  Drone  
  24  2:43  Drone  
  25  2:49  Zergling x8  
  25  2:50  Zergling x2  
  30  2:59  Queen  
  32  3:16  Spire  
Tags
 
Add a new tag
Caveats
  • Supply blocks, unpowered buildings, or Contaminate may cause inaccurate times.
  • Supply counts are checked every 10 seconds.